Map: Terraform LE (Void)

Players

Stick

  • Race: Zerg Zerg
  • League: Platinum

Javert - Winner!

  • Race: Zerg Zerg
  • League: Grandmaster

VOD

Have the link to the VOD?

Description

Time

  • Played on: Sept. 2, 2015, 12:15 a.m.
  • Length: 12:38
Show
View Real Time Build Order
Export as new Build Order

Stick Zerg 

Build Orders: Hatch First, Lurkers 

Get SALT Encoding   

  12  0:02  Drone  
  13  0:13  Drone  
  14  0:21  Overlord  
  14  0:40  Drone x3  
  17  0:52  Drone  
  18  1:05  Hatchery  
  18  1:06  Drone  
  18  1:08  Extractor  
  17  1:17  Spawning Pool  
  16  1:20  Drone  
  16  1:25  Drone  
  18  1:35  Overlord  
  18  1:45  Drone  
  19  2:05  Queen  
  19  2:07  Zergling x4  
  23  2:11  Metabolic Boost  
  23  2:18  Drone x2  
  23  2:19  Queen  
  27  2:29  Baneling Nest  
  26  2:32  Drone  
  26  2:34  Drone  
  28  2:40  Drone x2  
  30  2:50  Overlord  
  30  2:53  Drone  
  31  3:02  Drone  
  31  3:03  Drone  
  32  3:10  Spine Crawler x2  
  30  3:19  Drone x2  
  33  3:20  Drone  
  33  3:21  Roach Warren  
  31  3:35  Zergling x2  
  31  3:36  Zergling x8  
  36  3:44  Overlord  
  36  3:50  Drone  
  36  3:51  Drone x2  
  36  3:53  Lair  
  39  3:58  Queen  
  41  4:09  Drone x5  
  41  4:32  Overlord  
  41  4:44  Drone x4  
  41  4:45  Evolution Chamber, Drone x2  
  46  4:47  Extractor  
  46  4:48  Overlord, Extractor  
  46  4:50  Overlord  
  46  4:52  Glial Reconstitution  
  44  5:08  Hatchery  
  44  5:09  Roach x5  
  44  5:12  Zerg Missile Weapons Level 1  
  53  5:16  Drone  
  53  5:17  Drone  
  55  5:28  Overseer  
  55  5:32  Pneumatized Carapace  
  55  5:34  Zergling x12  
  61  5:43  Drone  
  62  5:52  Roach x4  
  70  6:02  Roach x2  
  74  6:06  Drone, Extractor  
  73  6:13  Spine Crawler  
  70  6:30  Roach  
  70  6:31  Roach x2  
  71  6:44  Roach x5  
  81  6:57  Overlord x3  
  81  6:58  Overlord x3  
  81  7:06  Hatchery  
  80  7:16  Overseer  
  80  7:20  Drone x3, Hydralisk Den  
  80  7:22  Zerg Missile Weapons Level 2  
  82  7:31  Roach x6  
  94  7:42  Lurker Den  
  94  7:49  Zergling x10  
  83  8:25  Roach x7  
  83  8:26  Queen  
  97  8:33  Ravager  
  98  8:35  Ravager  
  98  8:39  Ravager, Hydralisk x2  
  98  8:40  Hydralisk x5  
  114  8:47  Overseer  
  114  8:52  Hydralisk x2  
  114  8:53  Hydralisk  
  120  9:13  Lurker  
  120  9:14  Overlord  
  120  9:15  Overlord x2  
  118  9:33  Lurker x3  
  118  9:37  Zergling x18  
  118  9:38  Zergling x6  
  133  9:53  Overlord x4  
  133  10:04  Roach x2  
  133  10:05  Overlord  
  137  10:25  Lurker x3  
  137  10:26  Lurker x2  
  137  10:27  Lurker  
  143  10:33  Zergling x6  
  143  10:34  Drone x6  
  152  10:37  Extractor  
  152  10:39  Extractor  
  107  11:14  Roach x9  
Show
View Real Time Build Order
Export as new Build Order

Javert Zerg - Winner!

Build Orders: Pool First, Lurkers 

Get SALT Encoding   

  12  0:01  Drone  
  13  0:13  Overlord  
  13  0:21  Drone  
  14  0:32  Drone  
  14  0:33  Drone  
  16  0:36  Drone  
  17  0:47  Spawning Pool  
  17  0:49  Drone  
  17  0:58  Drone  
  17  1:03  Extractor  
  17  1:16  Hatchery  
  16  1:35  Roach Warren  
  16  1:36  Queen  
  17  1:40  Drone  
  17  1:44  Drone  
  19  1:54  Overlord  
  19  2:16  Roach x3  
  25  2:29  Drone x2  
  27  2:36  Queen  
  29  2:44  Drone x2  
  29  2:45  Drone x2  
  33  2:57  Overlord, Spine Crawler  
  33  3:05  Spine Crawler  
  33  3:08  Drone x3  
  35  3:15  Queen  
  37  3:21  Drone x3  
  40  3:34  Drone x4  
  44  3:43  Overlord  
  44  3:47  Lair  
  44  3:50  Overlord  
  48  4:02  Roach  
  48  4:03  Roach x3  
  52  4:31  Drone  
  54  4:38  Drone x3  
  54  4:39  Drone  
  54  4:40  Extractor  
  54  4:44  Extractor  
  55  4:47  Evolution Chamber  
  55  4:48  Glial Reconstitution  
  55  4:50  Drone  
  55  4:51  Drone x6, Extractor  
  60  5:09  Overseer  
  60  5:12  Overlord x2  
  60  5:16  Zerg Missile Weapons Level 1  
  60  5:22  Overlord  
  60  5:32  Roach x2  
  60  5:33  Roach x3  
  70  5:45  Roach x4  
  70  5:46  Roach x2  
  82  5:55  Hatchery, Roach  
  82  5:56  Evolution Chamber  
  82  5:57  Overlord  
  82  6:06  Overlord  
  82  6:07  Overlord  
  82  6:09  Spine Crawler  
  79  6:40  Roach x8  
  79  6:43  Drone x2  
  79  6:44  Zerg Ground Armor Level 1  
  95  6:47  Burrow  
  93  6:56  Drone x2  
  93  7:05  Overlord  
  93  7:06  Hydralisk Den  
  92  7:12  Drone x3  
  92  7:13  Drone x3  
  98  7:18  Overlord  
  98  7:23  Zerg Missile Weapons Level 2  
  98  7:25  Drone x2  
  98  7:29  Ravager x5  
  105  7:30  Overseer  
  105  7:33  Drone x5  
  110  7:38  Spine Crawler  
  110  7:41  Spine Crawler  
  110  7:43  Roach x2  
  110  7:44  Roach  
  114  7:54  Roach  
  114  7:55  Roach x3  
  106  8:14  Lurker Den  
  106  8:25  Roach  
  106  8:26  Roach x10  
  124  8:37  Roach x14  
  124  8:44  Zerg Ground Armor Level 2  
  124  8:47  Overlord  
  124  8:48  Drone x4  
  125  8:49  Drone x2  
  125  8:51  Extractor  
  125  8:52  Extractor  
  128  9:07  Hydralisk  
  128  9:08  Hydralisk x4  
  138  9:10  Overlord x2  
  138  9:22  Spore Crawler  
  137  9:34  Hydralisk  
  137  9:35  Hydralisk x6  
  151  9:41  Overlord  
  151  9:49  Overlord x2  
  151  9:50  Overlord x2  
  151  9:52  Spine Crawler  
  150  10:07  Lurker  
  150  10:08  Lurker x4  
  150  10:10  Hatchery, Extractor  
  153  10:14  Extractor  
  153  10:19  Muscular Augments  
  153  10:20  Drone  
  153  10:21  Drone x5  
  147  11:17  Roach  
  147  11:18  Roach x20  
  173  11:35  Drone x6  
  173  11:49  Overlord  
  173  11:50  Overlord x2  
  173  11:51  Drone, Spine Crawler  
  173  11:52  Drone, Spine Crawler  
  173  11:54  Spine Crawler  
  173  11:55  Spine Crawler  
  173  11:56  Drone x3  
  173  11:57  Infestation Pit  
Tags
 
Add a new tag
Caveats
  • Supply blocks, unpowered buildings, or Contaminate may cause inaccurate times.
  • Supply counts are checked every 10 seconds.